 Dungeon Crawl Stone Soup version 0.29.1-2-gbd0b4ee654 (webtiles) character file.

Game seed: 7846192023543707316

61 JohnnyTurbo the Covered (level 3, -2/33 HPs)
             Began as a Minotaur Fighter on Nov 28, 2022.
             Was an Initiate of Gozag.
             Slain by Terence
             ... wielding a +2 flail of protection
              (8 damage)
             ... on level 2 of the Dungeon on Nov 29, 2022.
             The game lasted 00:15:17 (1938 turns).

JohnnyTurbo the Covered (Minotaur Fighter)          Turns: 1938, Time: 00:15:18

Health: -2/33      AC:  8    Str: 22    XL:     3   Next: 83%
Magic:  2/2        EV:  9    Int:  5    God:    Gozag
Gold:   256        SH:  4    Dex:  9    Spells: 2/2 levels left

rFire   . . .      SeeInvis .   a - +0 long sword
rCold   . . .      Faith    .   c - +0 buckler
rNeg    . . .      Spirit   .   b - +0 scale mail
rPois   .          Reflect  .   (helmet restricted)
rElec   .          Harm     .   (no cloak)
rCorr   .          Rampage  .   r - +0 pair of gloves
Will    .....                   (no boots)
Stlth   ..........              q - amulet of regeneration
HPRegen 0.91/turn               (no ring)
MPRegen 0.08/turn               (no ring)

@: silenced
A: horns 2, retaliatory headbutt
a: Renounce Religion


You were on level 2 of the Dungeon.
You worshipped Gozag.
Gozag was aware of your devotion.
You visited 1 branch of the dungeon, and saw 2 of its levels.

You collected 256 gold pieces.

Inventory:

Hand Weapons
 a - a +0 long sword (weapon)
 j - a +0 falchion
 s - a +0 short sword of flaming
 u - a +1 dagger of speed
Armour
 b - a +0 scale mail (worn)
 c - a +0 buckler (worn)
 r - a +0 pair of gloves (worn)
Jewellery
 q - an amulet of regeneration (around neck)
Scrolls
 f - a scroll of enchant weapon {unknown}
 h - 3 scrolls of noise {unknown}
 k - a scroll of teleportation {unknown}
 l - a scroll of enchant armour {unknown}
 m - a scroll of fear {unknown}
 o - a scroll of identify {unknown}
 t - a scroll of summoning {unknown}
Potions
 d - a potion of might
 g - a potion of degeneration {unknown}
 i - a potion of ambrosia {unknown}
 n - a potion of curing {unknown}
 p - a potion of berserk rage {unknown}


   Skills:
 + Level 3.9 Fighting
 + Level 3.3 Long Blades
 + Level 4.5 Armour
 + Level 0.4 Dodging
 + Level 4.1 Shields


You had 2 spell levels left.
You didn't know any spells.
Your spell library contained the following spells:

 Spells                   Type           Power      Damage    Failure   Level
 Sandblast                Erth           0%         2d4       87%         1
 Passwall                 Tmut/Erth      0%         N/A       95%         2
 Stone Arrow              Conj/Erth      0%         3d7       99%         3


Dungeon Overview and Level Annotations

Branches:
Dungeon (2/15)

Altars:
Gozag

Annotations:
D:2 Terence


Innate Abilities, Weirdness & Mutations

You have a pair of horns on your head.
You reflexively headbutt those who attack you in melee.


Message History

You kill the giant cockroach!
You now have 256 gold pieces (gained 6).
Terence the Incautious comes into view.
He is wielding a +2 flail of protection and wearing a +0 chain mail of willpower.
Terence moves out of view.
Terence is nearby!
You block Terence's attack.
You hit Terence but do no damage.
Terence hits you with a +2 flail of protection! x2
As you read the scroll labelled LUM PACLICOC, it crumbles to dust.
A profound silence engulfs you.
It was a scroll of silence.
You block Terence's attack.
You closely miss Terence. Terence closely misses you.
You hit Terence. You headbutt Terence!
Terence is heavily wounded.
Terence hits you with a +2 flail of protection!
You barely miss Terence.
Terence is heavily wounded.
You block Terence's attack.
You closely miss Terence.
Terence is heavily wounded.
Terence hits you but does no damage.
Terence hits you with a +2 flail of protection!
* * * LOW HITPOINT WARNING * * *
You barely miss Terence. Your headbutt misses Terence.
Terence is heavily wounded.
Terence hits you with a +2 flail of protection.
* * * LOW HITPOINT WARNING * * *
You hit Terence but do no damage.
Terence is heavily wounded.
You block Terence's attack.
You hit Terence. Your headbutt misses Terence.
Terence is severely wounded.
Terence hits you with a +2 flail of protection.
* * * LOW HITPOINT WARNING * * *
You hit Terence but do no damage.
Terence is severely wounded.
Terence hits you but does no damage.
Terence hits you with a +2 flail of protection!
You die...
Your body crumbles into a pile of gold.

#.###
#######.####.#
#.#
#.............
#.#
#.#####.####.#
#.# .... ...#
#.#
##.##.######
#.# ###....
..#
#.####....#
##.# #......#
##.##.#
#####@## ....
#.# #.@#..#
##....#
####).... ####


You could see Terence.

Vanquished Creatures
  A gnoll (D:1)
  An adder (D:2)
  A worm (D:2)
  2 dart slugs (D:1)
  4 bats
  2 endoplasms (D:1)
  A giant cockroach (D:2)
  3 hobgoblins
  5 jackals
  2 quokkas (D:1)
  6 ball pythons
  A frilled lizard (D:2)
  2 goblins
  A kobold (D:2)
  2 rats
34 creatures vanquished.

Notes
Turn   | Place    | Note
-------+----------+-------------------------------------------
     0 | D:1      | JohnnyTurbo the Minotaur Fighter began the quest for the
                  | Orb.
     0 | D:1      | Reached XP level 1. HP: 19/19 MP: 0/0
   156 | D:1      | Reached XP level 2. HP: 27/27 MP: 1/1
   244 | D:1      | Found a faded altar of an unknown god.
   272 | D:1      | Prayed at the altar of an unknown god.
   272 | D:1      | Became a worshipper of Gozag Ym Sagoz the Greedy
   395 | D:1      | Reached XP level 3. HP: 29/33 MP: 2/2
  1925 | D:2      | Noticed Terence
  1938 | D:2      | Slain by Terence

Illustrated notes

Levels and vault maps discovered:
D:1:      dpeg_arrival_concentric_ovals, layout_basic,
          nicolae_ecumenical_snake_handling, nrook_mini_backslash
D:2:      layout_loops_cross, minmay_pentomino_u2, uniq_terence

Skill      XL: |  1  2  3 |
---------------+----------+-----
Armour         | 4 |  4.5
Shields        | 4 |  4.1
Long Blades    | 3 |  3.3
Fighting       | |  3.9
Dodging        | |  0.4

Action                   || total
-------------------------++-------
Melee: Long sword        ||    99
       Headbutt          ||    13
  Use: Scroll            ||     1
Armor: Scale mail        ||    87
Dodge: Dodged            ||    72
Block: Buckler           ||    44
